Map: Emerald City LE

Players

Massa - Winner!

  • Race: Terran Terran
  • League: Gold
  • Spawn Location: 11:00

qqq - Winner!

  • Race: Zerg Zerg
  • League: Platinum
  • Spawn Location: 11:00

Gringotseru

  • Race: Terran Terran
  • League: Platinum
  • Spawn Location: 5:00

ANDERSX

  • Race: Zerg Zerg
  • League: Platinum
  • Spawn Location: 5:00

VOD

Have the link to the VOD?

Description

Time

  • Played on: June 4, 2020, 1:37 p.m.
  • Length: 3:42
Show
View Real Time Build Order
Export as new Build Order

Massa Terran - Winner!

Build Orders:  

Get SALT Encoding   

  12  0:11  Supply Depot  
  12  0:13  SCV  
  13  0:25  SCV  
  14  0:37  Barracks  
  14  0:39  SCV  
  15  0:51  SCV  
  16  1:03  SCV  
  17  1:15  SCV  
  17  1:26  Refinery  
  17  1:28  Refinery, SCV  
  18  1:38  Supply Depot  
  18  1:40  SCV  
  19  1:52  SCV  
  20  2:04  SCV  
  20  2:06  Barracks Tech Lab  
  21  2:12  Command Center  
  21  2:17  SCV  
  22  2:36  Marine  
  23  2:45  Ghost Academy  
  23  2:53  Orbital Command  
  25  3:05  Marauder  
  25  3:21  SCV  
  25  3:26  Supply Depot  
Show
View Real Time Build Order
Export as new Build Order

qqq Zerg - Winner!

Build Orders: Pool First 

Get SALT Encoding   

  12  0:02  Drone  
  13  0:10  Drone  
  14  0:39  Spawning Pool  
  13  0:45  Overlord  
  13  0:47  Drone  
  14  1:04  Drone  
  15  1:05  Drone  
  15  1:10  Drone  
  17  1:36  Zergling x4  
  19  2:08  Zergling x6  
  22  2:10  Spine Crawler  
  22  2:15  Spine Crawler  
  20  2:21  Spine Crawler  
  20  2:22  Spine Crawler, Zergling x2  
  19  2:23  Spine Crawler  
  19  2:32  Spine Crawler  
  19  2:44  Zergling x4  
  19  2:45  Extractor, Queen  
  21  2:59  Drone  
  21  3:00  Hatchery  
  21  3:17  Zergling x2  
  21  3:18  Overlord  
Show
View Real Time Build Order
Export as new Build Order

Gringotseru Terran 

Build Orders:  

Get SALT Encoding   

  12  0:00  SCV  
  13  0:13  SCV  
  14  0:24  Supply Depot  
  14  0:25  SCV  
  15  0:46  SCV  
  16  0:52  Barracks  
  16  0:56  Refinery  
  16  0:58  SCV  
  17  1:10  SCV  
  18  1:22  SCV  
  19  1:34  SCV  
  20  1:41  Marine  
  21  1:49  Barracks  
  21  2:00  SCV, Bunker  
  22  2:11  Marine  
  23  2:34  Supply Depot  
  23  2:35  Supply Depot  
  23  2:37  Orbital Command, Command Center  
  23  2:55  Marine x2  
  23  2:57  Supply Depot  
  25  3:01  Supply Depot  
  24  3:13  Marine  
Show
View Real Time Build Order
Export as new Build Order

ANDERSX Zerg 

Build Orders: Hatch First 

Get SALT Encoding   

  12  0:01  Drone  
  13  0:13  Overlord  
  13  0:19  Drone  
  14  0:31  Drone x2  
  16  0:37  Drone  
  17  0:54  Hatchery  
  16  0:57  Drone  
  16  1:01  Drone  
  18  1:04  Extractor  
  17  1:29  Spawning Pool  
  16  1:59  Drone x2  
  16  2:00  Drone  
  19  2:17  Drone x3  
  22  2:38  Drone  
  22  2:39  Drone x3  
  26  2:45  Queen  
  28  3:12  Overlord x2  
  28  3:30  Spine Crawler  
  28  3:32  Spine Crawler  
Tags
 
Add a new tag
Caveats
  • Supply blocks, unpowered buildings, or Contaminate may cause inaccurate times.
  • Supply counts are checked every 10 seconds.